Map: Kairos Junction LE

Players

eonblu

  • Race: Zerg Zerg
  • League: Grandmaster
  • Spawn Location: 5:00

HellraiseR - Winner!

  • Race: Protoss Protoss
  • Spawn Location: 11:00

Event: HomeStory Cup XIX

VOD

Have the link to the VOD?

Description

Time

  • Played on: June 28, 2019, 8:03 a.m.
  • Length: 7:13

All games in this series

Show
View Real Time Build Order
Export as new Build Order

eonblu Zerg 

Build Orders: Hatch First 

Get SALT Encoding   

  12  0:00  Drone  
  13  0:12  Overlord  
  13  0:17  Drone  
  14  0:30  Drone  
  14  0:31  Drone  
  16  0:47  Hatchery  
  15  0:51  Drone  
  15  0:54  Drone  
  17  1:05  Extractor  
  17  1:10  Spawning Pool  
  15  1:16  Drone  
  16  1:18  Drone  
  16  1:22  Drone  
  18  1:28  Drone  
  19  1:48  Hatchery  
  19  1:52  Drone  
  19  2:01  Queen  
  19  2:05  Zergling x2  
  22  2:12  Metabolic Boost  
  22  2:15  Drone  
  22  2:19  Drone  
  22  2:22  Drone  
  25  2:26  Drone  
  25  2:28  Drone  
  27  2:39  Roach Warren  
  27  2:40  Zergling x2  
  27  2:45  Drone  
  27  2:48  Overlord  
  28  2:54  Overlord  
  28  2:59  Overlord  
  26  3:20  Roach x5  
  34  3:27  Zergling x2  
  34  3:31  Zergling x2  
  34  3:35  Zergling x2  
  32  3:45  Zergling x2  
  31  3:48  Drone x2  
  31  3:51  Drone  
  31  3:53  Drone  
  35  3:56  Drone  
  35  4:01  Drone  
  37  4:03  Drone  
  37  4:07  Drone  
  39  4:10  Drone  
  39  4:13  Drone  
  39  4:16  Drone  
  42  4:25  Drone x3  
  42  4:26  Drone  
  45  4:35  Extractor  
  45  4:37  Overlord x2  
  42  4:52  Overlord  
  42  4:53  Roach x3  
  42  4:55  Roach  
  50  5:02  Zergling x6  
  50  5:03  Zergling x2  
  46  5:24  Ravager  
  46  5:26  Overlord  
  46  5:27  Zergling x2, Overlord  
  46  5:28  Zergling x10  
  53  5:29  Zergling x2  
  54  5:40  Ravager  
  54  5:42  Zergling x2  
  56  5:43  Zergling x10  
  58  5:53  Ravager  
  58  5:56  Zergling x2  
  62  5:57  Zergling x8  
  62  5:58  Zergling x2  
  51  6:13  Roach x3  
  51  6:14  Zergling x2  
  51  6:16  Zergling x4  
  60  6:21  Zergling x2  
  62  6:25  Zergling x2  
  62  6:28  Zergling x2  
  63  6:36  Zergling x2  
  63  6:37  Zergling x2  
  63  6:38  Ravager  
  65  6:45  Ravager  
  67  6:48  Zergling x4  
  67  6:52  Ravager  
  69  6:55  Zergling x8  
Show
View Real Time Build Order
Export as new Build Order

HellraiseR Protoss - Winner!

Build Orders: 1 Gate Expand 

Get SALT Encoding   

  12  0:00  Probe  
  13  0:12  Probe  
  14  0:19  Pylon  
  14  0:24  Probe  
  15  0:33  Probe  
  15  0:39  Gateway  
  16  0:43  Probe  
  16  0:47  Assimilator  
  17  0:55  Probe  
  18  1:07  Probe  
  19  1:21  Nexus  
  19  1:23  Probe  
  20  1:33  Cybernetics Core  
  20  1:36  Probe  
  21  1:44  Assimilator  
  21  1:48  Probe  
  21  1:51  Pylon  
  22  1:59  Adept  
  22  2:00  Probe  
  23  2:12  Probe  
  23  2:14  Robotics Facility  
  26  2:20  Adept  
  26  2:24  Probe  
  26  2:28  Probe  
  29  2:33  Warp Gate  
  29  2:36  Probe x2  
  32  2:47  Probe  
  32  2:48  Probe  
  32  2:50  Stalker  
  36  2:55  Immortal  
  36  2:59  Probe  
  36  3:01  Probe  
  42  3:11  Probe  
  43  3:13  Probe  
  44  3:23  Probe  
  44  3:25  Gateway  
  45  3:31  Shield Battery, Warp Prism  
  45  3:38  Pylon  
  45  3:45  Shield Battery x2  
  45  3:46  Probe x2  
  45  3:47  Pylon  
  45  3:52  Gateway  
  45  3:57  Immortal  
  45  3:58  Probe  
  45  4:01  Probe  
  51  4:10  Probe  
  51  4:13  Probe  
  53  4:23  Probe  
  54  4:24  Stalker x2  
  54  4:26  Assimilator, Immortal  
  54  4:28  Assimilator  
  59  4:37  Pylon  
  62  4:46  Gateway x2  
  62  4:54  Pylon x2  
  62  4:56  Probe x2  
  62  4:59  Sentry x2  
  68  5:01  Zealot  
  70  5:10  Immortal  
  70  5:24  Sentry, Zealot x2  
  70  5:27  Pylon  
  80  5:29  Gateway x2  
  80  5:36  Pylon  
  80  5:41  Probe  
  80  5:42  Observer  
  81  5:46  Sentry x2  
  86  5:50  Stalker  
  86  5:51  Zealot x2  
  92  6:02  Probe  
  89  6:13  Stalker x4  
  89  6:16  Zealot  
  99  6:26  Adept, Pylon  
  101  6:33  Twilight Council  
  101  6:35  Probe  
  101  6:36  Forge  
  100  6:48  Stalker x2, Sentry x2  
  100  6:50  Zealot  
  100  6:52  Pylon  
  100  6:53  Pylon  
Tags
 
Add a new tag
Caveats
  • Supply blocks, unpowered buildings, or Contaminate may cause inaccurate times.
  • Supply counts are checked every 10 seconds.